TOP OF THE 1ST |
Moose Jaw Ghostbusters batting - Pitching for Menlo Maniacs : RHP Will Jackson
|
Pitching: RHP Will Jackson
|
|
Batting: RHB Manuel Pérez
|
0-0: Ground out 5-3 (Groundball, 56S)
|
Batting: LHB Will Vale
|
0-0: Ball 1-0: Fly out, F8 (Flyball, 8RM)
|
Batting: RHB John Major
|
0-0: Called Strike 0-1: Ground out 6-3 (Groundball, 6)
|
Top of the 1st over - 0 run(s), 0 hit(s), 0 error(s), 0 left on base; Moose Jaw 0 - Menlo 0 |
BOTTOM OF THE 1ST |
Menlo Maniacs batting - Pitching for Moose Jaw Ghostbusters : RHP Ken Rogers
|
Pitching: RHP Ken Rogers
|
|
Batting: RHB Manuel Alonso
|
0-0: Ball 1-0: Fly out, F8 (Flyball, 8RM)
|
Batting: LHB Mike Harris
|
0-0: Ball 1-0: SINGLE (Groundball, 34D)
|
Batting: LHB Vicente Chávez
|
0-0: Ball 1-0: Ball 2-0: Called Strike 2-1: Swinging Strike 2-2: Strikes out looking
|
Batting: RHB Ernest Russell
|
0-0: Called Strike 0-1: Swinging Strike 0-2: Ball 1-2: Ball Mike Harris steals 2nd base 2-2: Foul Ball, location: 2F 2-2: Ball 3-2: Foul Ball, location: 2F 3-2: Foul Ball, location: 2F 3-2: SINGLE (Line Drive, 8LS) Mike Harris to third Mike Harris scores
|
Batting: RHB Eleuterio Supardo
|
0-0: Fly out, F8 (Flyball, 8RM)
|
Bottom of the 1st over - 1 run(s), 2 hit(s), 0 error(s), 1 left on base; Moose Jaw 0 - Menlo 1 |
TOP OF THE 2ND |
Moose Jaw Ghostbusters batting - Pitching for Menlo Maniacs : RHP Will Jackson
|
Batting: RHB Paco Hernández
|
0-0: Swinging Strike 0-1: Ball 1-1: Ball 2-1: Fly out, F8 (Flyball, 78M)
|
Batting: LHB John Christopher
|
0-0: Called Strike 0-1: SINGLE (Line Drive, 78M)
|
Batting: RHB Luis Miguel Sánchez
|
0-0: Ball John Christopher is caught stealing 2nd base 1-0: Ball 2-0: Ball 3-0: Base on Balls
|
Batting: RHB Dan Hooper
|
0-0: Foul Ball, location: 2F 0-1: Ball 1-1: Foul Ball, location: 2F 1-2: Ball 2-2: Foul Ball, location: 2F 2-2: Foul Ball, location: 2F 2-2: Fly out, F4 (Popup, 4MD)
|
Top of the 2nd over - 0 run(s), 1 hit(s), 0 error(s), 1 left on base; Moose Jaw 0 - Menlo 1 |
BOTTOM OF THE 2ND |
Menlo Maniacs batting - Pitching for Moose Jaw Ghostbusters : RHP Ken Rogers
|
Batting: RHB David Strickland
|
0-0: Ball 1-0: Called Strike 1-1: SOLO HOME RUN (Flyball, 89D), Distance : 396 ft
|
Batting: RHB Gabriel Erwin
|
0-0: Called Strike 0-1: Swinging Strike 0-2: Strikes out swinging
|
Batting: RHB Luis Ramírez
|
0-0: Foul Ball, location: 2F 0-1: Ball 1-1: Foul Ball, location: 2F 1-2: Ball 2-2: Fly out, F9 (Flyball, 9S)
|
Batting: RHB Gilberto León
|
0-0: Ball 1-0: Called Strike 1-1: Fly out, F7 (Flyball, 7LM)
|
Bottom of the 2nd over - 1 run(s), 1 hit(s), 0 error(s), 0 left on base; Moose Jaw 0 - Menlo 2 |
TOP OF THE 3RD |
Moose Jaw Ghostbusters batting - Pitching for Menlo Maniacs : RHP Will Jackson
|
Batting: RHB Juan Vázquez
|
0-0: Called Strike 0-1: Foul Ball, location: 2F 0-2: Strikes out swinging
|
Batting: LHB John Robbins
|
0-0: Called Strike 0-1: Ball 1-1: Ball 2-1: Ball 3-1: Base on Balls
|
Batting: RHB Manuel Pérez
|
0-0: Ball 1-0: Ball 2-0: Grounds into double play, 6-4-3 (Groundball, 6)
|
Top of the 3rd over - 0 run(s), 0 hit(s), 0 error(s), 0 left on base; Moose Jaw 0 - Menlo 2 |
BOTTOM OF THE 3RD |
Menlo Maniacs batting - Pitching for Moose Jaw Ghostbusters : RHP Ken Rogers
|
Batting: RHB Manuel Alonso
|
0-0: Ground out 1-3 (Groundball, 15S)
|
Batting: LHB Mike Harris
|
0-0: Called Strike 0-1: Ball 1-1: Foul Ball, location: 2F 1-2: Foul Ball, location: 2F 1-2: Foul Ball, location: 2F 1-2: Foul Ball, location: 2F 1-2: Strikes out looking
|
Batting: LHB Vicente Chávez
|
0-0: Ball 1-0: Called Strike 1-1: Foul Ball, location: 2F 1-2: Ball 2-2: Foul Ball, location: 2F 2-2: Foul Ball, location: 2F 2-2: SINGLE (Groundball, 34D)
|
Batting: RHB Ernest Russell
|
0-0: Called Strike 0-1: SINGLE (Line Drive, 89S) Vicente Chávez to second
|
Batting: RHB Eleuterio Supardo
|
0-0: Called Strike 0-1: Swinging Strike 0-2: Ball 1-2: Foul Ball, location: 2F 1-2: Strikes out looking
|
Bottom of the 3rd over - 0 run(s), 2 hit(s), 0 error(s), 2 left on base; Moose Jaw 0 - Menlo 2 |
TOP OF THE 4TH |
Moose Jaw Ghostbusters batting - Pitching for Menlo Maniacs : RHP Will Jackson
|
Batting: LHB Will Vale
|
0-0: Fly out, F9 (Flyball, 89S)
|
Batting: RHB John Major
|
0-0: Fly out, F7 (Flyball, 7M)
|
Batting: RHB Paco Hernández
|
0-0: Ball 1-0: Ball 2-0: Called Strike 2-1: Called Strike 2-2: Foul Ball, location: 2F 2-2: Ball 3-2: Foul Ball, location: 2F 3-2: SINGLE (Line Drive, 9S)
|
Batting: LHB John Christopher
|
0-0: Ball 1-0: Ball 2-0: Ball 3-0: Called Strike 3-1: Base on Balls Paco Hernández to second
|
Batting: RHB Luis Miguel Sánchez
|
0-0: SINGLE (Groundball, 56D) Paco Hernández to third John Christopher to second Runner from 3rd tries for Home, SAFE, throw made home John Christopher to third Luis Miguel Sánchez to second
|
Batting: RHB Dan Hooper
|
0-0: Ground out 3-1 (Groundball, 34S)
|
Top of the 4th over - 1 run(s), 2 hit(s), 0 error(s), 2 left on base; Moose Jaw 1 - Menlo 2 |
BOTTOM OF THE 4TH |
Menlo Maniacs batting - Pitching for Moose Jaw Ghostbusters : RHP Ken Rogers
|
Batting: RHB David Strickland
|
0-0: Ball 1-0: Foul Ball, location: 2F 1-1: Foul Ball, location: 2F 1-2: Ball 2-2: Strikes out swinging
|
Batting: RHB Gabriel Erwin
|
0-0: Swinging Strike 0-1: Foul Ball, location: 2F 0-2: Ball 1-2: Ball 2-2: Strikes out looking
|
Batting: RHB Luis Ramírez
|
0-0: Ball 1-0: Ball 2-0: Foul Ball, location: 2F 2-1: Called Strike 2-2: Foul Ball, location: 2F 2-2: Ball 3-2: Fly out, F9 (Flyball, 9LD)
|
Bottom of the 4th over - 0 run(s), 0 hit(s), 0 error(s), 0 left on base; Moose Jaw 1 - Menlo 2 |
TOP OF THE 5TH |
Moose Jaw Ghostbusters batting - Pitching for Menlo Maniacs : RHP Will Jackson
|
Batting: RHB Juan Vázquez
|
0-0: Ball 1-0: Ground out 6-3 (Groundball, 6)
|
Batting: LHB John Robbins
|
0-0: Ball 1-0: Ball 2-0: Called Strike 2-1: Ball 3-1: Base on Balls
|
Batting: RHB Manuel Pérez
|
0-0: Called Strike 0-1: Called Strike John Robbins is caught stealing 2nd base 0-2: Fly out, F7 (Flyball, 7M)
|
Top of the 5th over - 0 run(s), 0 hit(s), 0 error(s), 0 left on base; Moose Jaw 1 - Menlo 2 |
BOTTOM OF THE 5TH |
Menlo Maniacs batting - Pitching for Moose Jaw Ghostbusters : RHP Ken Rogers
|
Batting: RHB Gilberto León
|
0-0: Foul Ball, location: 2F 0-1: Ball 1-1: Swinging Strike 1-2: Hit by Pitch
|
Batting: RHB Manuel Alonso
|
0-0: Called Strike 0-1: Called Strike 0-2: Ball 1-2: Ball 2-2: Ball 3-2: Foul Ball, location: 2F 3-2: Base on Balls Gilberto León to second
|
Batting: LHB Mike Harris
|
0-0: Swinging Strike 0-1: Swinging Strike 0-2: Ball 1-2: Foul Ball, location: 2F 1-2: 3-RUN HOME RUN (Flyball, 89XD), Distance : 395 ft
|
Batting: LHB Vicente Chávez
|
0-0: Swinging Strike 0-1: Swinging Strike 0-2: Ball 1-2: Ball 2-2: Fly out, F7 (Line Drive, 7S)
|
Batting: RHB Ernest Russell
|
0-0: Swinging Strike 0-1: Ball 1-1: SINGLE (Groundball, 56D)
|
Pitching: RHP Whit Johnson
|
|
Batting: RHB Eleuterio Supardo
|
0-0: Called Strike 0-1: Foul Ball, location: 2F 0-2: Ball 1-2: Ball 2-2: Ball 3-2: Strikes out looking Ernest Russell steals 2nd base Batter strikes out.
|
Batting: RHB David Strickland
|
0-0: Called Strike 0-1: Foul Ball, location: 2F 0-2: Strikes out looking
|
Bottom of the 5th over - 3 run(s), 2 hit(s), 0 error(s), 1 left on base; Moose Jaw 1 - Menlo 5 |
TOP OF THE 6TH |
Moose Jaw Ghostbusters batting - Pitching for Menlo Maniacs : RHP Will Jackson
|
Batting: LHB Will Vale
|
0-0: Ball 1-0: SINGLE (Flyball, 78S)
|
Batting: RHB John Major
|
0-0: Ball 1-0: Foul Ball, location: 2F 1-1: SINGLE (Line Drive, 8LS) Will Vale to second
|
Batting: RHB Don Turner
|
0-0: Swinging Strike 0-1: Ball 1-1: Ball 2-1: Foul Ball, location: 2F 2-2: Ball 3-2: Foul Ball, location: 2F 3-2: Strikes out swinging
|
Batting: LHB John Christopher
|
0-0: Fly out, F7 (Flyball, 7LM)
|
Batting: RHB Luis Miguel Sánchez
|
0-0: Fly out, F8 (Flyball, 8LXD)
|
Top of the 6th over - 0 run(s), 2 hit(s), 0 error(s), 2 left on base; Moose Jaw 1 - Menlo 5 |
BOTTOM OF THE 6TH |
Menlo Maniacs batting - Pitching for Moose Jaw Ghostbusters : RHP Whit Johnson
|
Batting: RHB Gabriel Erwin
|
0-0: Fly out, F8 (Flyball, 8LD)
|
Batting: RHB Luis Ramírez
|
0-0: Fly out, F8 (Flyball, 8RXD)
|
Batting: RHB Gilberto León
|
0-0: Ball 1-0: Called Strike 1-1: Foul Ball, location: 2F 1-2: Ball 2-2: Ball 3-2: Strikes out swinging
|
Bottom of the 6th over - 0 run(s), 0 hit(s), 0 error(s), 0 left on base; Moose Jaw 1 - Menlo 5 |
TOP OF THE 7TH |
Moose Jaw Ghostbusters batting - Pitching for Menlo Maniacs : RHP Will Jackson
|
Now in CF: Keith Green
|
|
Batting: RHB Dan Hooper
|
0-0: Called Strike 0-1: Ball 1-1: Swinging Strike 1-2: Ball 2-2: Foul Ball, location: 2F 2-2: Strikes out looking
|
Batting: RHB Juan Vázquez
|
0-0: Ball 1-0: Foul Ball, location: 2F 1-1: Foul Ball, location: 2F 1-2: Reached on error, E6 (Groundball, 6)
|
Pitching: RHP Bryan Bray
|
|
Batting: LHB John Robbins
|
0-0: Called Strike Juan Vázquez steals 2nd base 0-1: Ground out 5-3 (Groundball, 56S) Juan Vázquez to third
|
Batting: RHB Manuel Pérez
|
0-0: Foul Ball, location: 2F 0-1: Foul Ball, location: 2F 0-2: Ball 1-2: Strikes out swinging
|
Top of the 7th over - 0 run(s), 0 hit(s), 1 error(s), 1 left on base; Moose Jaw 1 - Menlo 5 |
BOTTOM OF THE 7TH |
Menlo Maniacs batting - Pitching for Moose Jaw Ghostbusters : RHP Whit Johnson
|
Batting: LHB Keith Green
|
0-0: Ground out 3-1 (Groundball, 34)
|
Pitching: RHP Rod Walters
|
|
Batting: LHB Mike Harris
|
0-0: Called Strike 0-1: Ground out 6-3 (Groundball, 6)
|
Batting: LHB Vicente Chávez
|
0-0: Swinging Strike 0-1: Foul Ball, location: 2F 0-2: Strikes out looking
|
Bottom of the 7th over - 0 run(s), 0 hit(s), 0 error(s), 0 left on base; Moose Jaw 1 - Menlo 5 |
TOP OF THE 8TH |
Moose Jaw Ghostbusters batting - Pitching for Menlo Maniacs : RHP Bryan Bray
|
Batting: LHB Will Vale
|
0-0: Ball 1-0: Ball 2-0: Ball 3-0: Base on Balls
|
Batting: RHB John Major
|
0-0: Ball 1-0: Ball 2-0: Called Strike 2-1: Swinging Strike 2-2: Foul Ball, location: 2F 2-2: Ball 3-2: Base on Balls Will Vale to second
|
Pitching: RHP Steve Poe
|
|
Batting: RHB Don Turner
|
0-0: Ball Wild Pitch! Will Vale to third John Major to second 1-0: Foul Ball, location: 2F 1-1: Ball 2-1: Called Strike 2-2: Strikes out swinging
|
Batting: LHB John Christopher
|
0-0: Ball Wild Pitch! Will Vale scores John Major to third 1-0: Ball 2-0: Called Strike 2-1: Foul Ball, location: 2F 2-2: Strikes out swinging
|
Batting: RHB Luis Miguel Sánchez
|
0-0: Called Strike 0-1: DOUBLE (Line Drive, 4MD) John Major scores
|
Batting: RHB Dan Hooper
|
0-0: Swinging Strike 0-1: Ball 1-1: Swinging Strike 1-2: Ball 2-2: Foul Ball, location: 2F 2-2: Foul Ball, location: 2F 2-2: Ball 3-2: Foul Ball, location: 2F 3-2: Strikes out swinging
|
Top of the 8th over - 2 run(s), 1 hit(s), 0 error(s), 1 left on base; Moose Jaw 3 - Menlo 5 |
BOTTOM OF THE 8TH |
Menlo Maniacs batting - Pitching for Moose Jaw Ghostbusters : RHP Rod Walters
|
Batting: RHB Ernest Russell
|
0-0: Called Strike 0-1: Ball 1-1: Ball 2-1: Foul Ball, location: 2F 2-2: Ground out 5-3 (Groundball, 56)
|
Batting: RHB Eleuterio Supardo
|
0-0: Called Strike 0-1: Ball 1-1: Called Strike 1-2: Strikes out swinging
|
Batting: RHB David Strickland
|
0-0: Ball 1-0: Called Strike 1-1: Called Strike 1-2: Foul Ball, location: 2F 1-2: Foul Ball, location: 2F 1-2: Ball 2-2: Ground out 6-3 (Groundball, 6)
|
Bottom of the 8th over - 0 run(s), 0 hit(s), 0 error(s), 0 left on base; Moose Jaw 3 - Menlo 5 |
TOP OF THE 9TH |
Moose Jaw Ghostbusters batting - Pitching for Menlo Maniacs : RHP Steve Poe
|
Pitching: RHP Domingo Franco
|
|
Now in RF: José Martínez
|
|
Batting: RHB Juan Vázquez
|
0-0: Foul Ball, location: 2F 0-1: Ball 1-1: Ball 2-1: DOUBLE (Line Drive, 7D)
|
Batting: LHB John Robbins
|
0-0: Ball 1-0: Called Strike 1-1: Fly out, F5 (Popup, 56S)
|
Batting: RHB Manuel Pérez
|
0-0: Foul Ball, location: 2F 0-1: Ball 1-1: Ball 2-1: Foul Ball, location: 2F 2-2: Strikes out swinging
|
Batting: LHB Will Vale
|
0-0: Ball 1-0: Swinging Strike 1-1: Foul Ball, location: 2F 1-2: Ball 2-2: Ball 3-2: Base on Balls
|
Batting: RHB John Major
|
0-0: Ball 1-0: Ball 2-0: Fly out, F6 (Popup, 56D)
|
Top of the 9th over - 0 run(s), 1 hit(s), 0 error(s), 2 left on base; Moose Jaw 3 - Menlo 5 |
|